 Dungeon Crawl Stone Soup version 0.24-a0-464-g6b2be6b8c7 (webtiles) character file.

Game seed: 5105116043647826854

80261 Murumi the Unseen (level 15, -10/138 HPs)
             Began as a Naga Enchanter on July 3, 2019.
             Was the Champion of Dithmenos.
             Mangled by Gargoyl's ghost (13 damage)
             ... on level 13 of the Dungeon on July 4, 2019.
             The game lasted 02:32:27 (24348 turns).

Murumi the Unseen (Naga Enchanter)                 Turns: 24348, Time: 02:32:27

Health: -10/138    AC: 19    Str: 14      XL:     15   Next: 66%
Magic:  20/28      EV: 15    Int: 11 (14) God:    Dithmenos [******]
Gold:   2307       SH:  9    Dex: 16      Spells: 20/32 levels left

rFire    + . .     SeeInvis +   j - +12 Vampire's Tooth {vamp}
rCold    . . .     Gourm    .   M - +0 buckler
rNeg     . . .     Faith    .   E - +4 leather armour "Lagreqare" {rF+ MR+ Stlth+}
rPois    +         Spirit   .   (helmet restricted)
rElec    .         Reflect  .   v - +0 cloak
rCorr    .         Harm     .   s - +1 pair of gloves
MR       ++...     Rnd*Tele +   (no barding)
Stlth    ++++++++++             f - amulet of rage
HPRegen  0.33/turn              F - ring of wizardry
MPRegen  0.21/turn              m - +5 ring of protection

@: very slightly contaminated, wreathed by umbra, very slow
A: large, horns 1, large bone plates 1, see invisible, deformed body, dopey 1,
poison resistance, slowness 2, slow metabolism 1, spit poison 1, strong 1,
teleportitis 1, constrict 1, AC +5
a: Spit Poison, Shadow Step, Shadow Form, Renounce Religion, Evoke Berserk Rage


You were on level 13 of the Dungeon.
You worshipped Dithmenos.
Dithmenos was exalted by your worship.
You were hungry.

You visited 4 branches of the dungeon, and saw 22 of its levels.
You visited the Abyss 1 time.

You collected 2884 gold pieces.
You spent 577 gold pieces at shops.

Inventory:

Hand Weapons
 g - a +2 short sword of venom
 j - the +12 Vampire's Tooth (weapon) {vamp}
   (You found it on level 4 of the Dungeon)

   It inflicts no extra harm, but heals its wielder when it wounds a living foe.
Missiles
 o - 26 boomerangs
 q - 556 stones
 t - 114 poisoned darts
 B - 4 silver boomerangs
 I - an atropa-tipped dart
 N - a throwing net
 O - a silver javelin
 S - a javelin (quivered)
Armour
 h - a +0 shield
 l - a +0 helmet
 s - a +1 pair of gloves (worn)
 v - a +0 cloak (worn)
 E - the +4 leather armour "Lagreqare" (worn) {rF+ MR+ Stlth+}
   (You bought it in a shop on level 5 of the Dungeon)

   It protects you from fire.
   It affects your resistance to hostile enchantments.
   It makes you more stealthy.
 M - a +0 buckler (worn)
Jewellery
 f - an amulet of rage (around neck)
 m - a +5 ring of protection (right hand)
 y - an uncursed amulet of magic regeneration
 C - an uncursed ring of resist corrosion
 F - a ring of wizardry (left hand)
 G - an uncursed amulet of guardian spirit
 T - an uncursed ring of protection from magic
Wands
 i - a wand of random effects (58)
 w - a wand of enslavement (10)
 H - a wand of polymorph (17)
 J - a wand of iceblast (23)
 L - a wand of disintegration (16)
 R - a wand of clouds (6)
Scrolls
 a - 3 scrolls of fear
 k - 15 scrolls of remove curse
 n - 6 scrolls of identify
 u - 8 scrolls of enchant armour
 x - 5 scrolls of teleportation
 A - 7 scrolls of enchant weapon
Potions
 b - a potion of cancellation
 e - 3 potions of brilliance
 p - 6 potions of flight
 r - 4 potions of resistance
 z - a potion of ambrosia
 K - 2 potions of curing
 Q - 2 potions of haste
Miscellaneous
 c - a crystal ball of energy
 D - a lamp of fire (inert)
Comestibles
 d - 37 rations


   Skills:
 - Level 10.0 Fighting
 - Level 10.0 Short Blades
 - Level 4.0 Armour
 + Level 8.8 Dodging
 - Level 19.0 Stealth
 - Level 4.0 Shields
 - Level 9.0 Spellcasting
 - Level 10.0 Hexes
 - Level 7.1 Invocations
 - Level 6.0 Evocations


You had 20 spell levels left.
You knew the following spells:

 Your Spells              Type           Power        Failure   Level  Hunger
a - Corona                Hex            ####...      1%          1    None
b - Confuse               Hex            ####....     1%          3    ##.....
c - Tukima's Dance        Hex            ####....     1%          3    ##.....
d - Ensorcelled Hibernat  Hex/Ice        ###...       1%          2    #......
e - Dazzling Spray        Conj/Hex       ###...       2%          3    ##.....

Your spell library contained the following spells:

 Spells                   Type           Power        Failure   Level  Hunger
 Sting                    Conj/Pois      #...         7%          1    None
 Poisonous Vapours        Pois/Air       #.....       11%         2    #......
 Mephitic Cloud           Conj/Pois/Air  #.......     21%         3    ##.....
 Recall                   Summ/Tloc      N/A          21%         3    ##.....
 Animate Dead             Necr           N/A          52%         4    ####...
 Olgreb's Toxic Radiance  Pois           #.......     52%         4    ####...
 Borgnjor's Vile Clutch   Necr/Erth      #.........   86%         5    ######.
 Venom Bolt               Conj/Pois      #.........   86%         5    ######.
 Death Channel            Necr           #.........   100%        6    #######
 Simulacrum               Ice/Necr       #.........   100%        6    #######


Dungeon Overview and Level Annotations

Branches:
Dungeon (13/15)            Temple (1/1) D:5            Lair (6/6) D:10
  Swamp (0/4) Lair:4        Snake (0/4) Lair:2        Slime (0/5) Lair:6
    Orc (2/2) D:10            Elf (0/3) Orc:2
 Vaults: D:13-14

Altars:
Ashenzari
Cheibriados
Dithmenos
Elyvilon
Fedhas
Gozag
Hepliaklqana
Kikubaaqudgha
Makhleb
Nemelex Xobeh
Okawaru
Qazlal
Ru
Sif Muna
Trog
Uskayaw
Vehumet
Wu Jian
Xom
Yredelemnul
Zin
The Shining One
Jiyva

Shops:
D:5 ==?*%   D:9 =   D:12 ?   Orc:2 =}[!

Annotations:
D:13 Gargoyl's ghost, journeyman CeAK


Innate Abilities, Weirdness & Mutations

You cannot wear boots.
Your serpentine skin is tough. (AC +5)
You have supernaturally acute eyesight. (SInv)
Armour fits poorly on your strangely shaped body.
Your system is resistant to poisons. (rPois)
You cover ground very slowly.
You have a slow metabolism.
You can spit poison.
You can use your snake-like lower body to constrict enemies.
You have a pair of small horns on your head.
You are partially covered in large bone plates. (SH +4)
You are dopey. (Int -2)
Your muscles are strong. (Str +2)
You are occasionally teleported next to monsters.


Message History

Gargoyl's ghost is moderately damaged.
You hit Gargoyl's ghost but do no damage.
Gargoyl's ghost is moderately damaged.
Gargoyl's ghost closely misses you.
You hit Gargoyl's ghost but do no damage.
Gargoyl's ghost is lightly damaged.
Your shadow hits Gargoyl's ghost but does no damage.
You are feeling hungry.
You hit Gargoyl's ghost. Your headbutt misses Gargoyl's ghost.
Gargoyl's ghost is moderately damaged.
Your shadow hits Gargoyl's ghost but does no damage.
You hit Gargoyl's ghost but do no damage.
You headbutt Gargoyl's ghost, but do no damage.
Gargoyl's ghost is moderately damaged.
Your shadow hits Gargoyl's ghost but does no damage.
Gargoyl's ghost is engulfed in blazing flames.
Gargoyl's ghost hits you!!
* * * LOW HITPOINT WARNING * * *
Gargoyl's ghost freezes you!
You die...

#...........##.#.....#.....#....#
#..#####'#..[#©.5#..©..##[.#....#
#..#.....#..)#3.##..#......#....#
#..#.....#...#....#...#...##....#
#..#.....#..(##(5....#....#.....#
#..#.....#....##3###..#####.....#
#..#######..#..###§####.........#
#...........#.(..W§§§§..........#
............#...@#..######......#
.########...#....#..# #.......
.#......†...####+#.## #.......
.#......#..........# #.......
.#......#..........# #.......
.########..........#######.......
.............................####
...).........................#...
.....#######..............?..#...


You could see a neqoxec, a quasit and Gargoyl's ghost.

Vanquished Creatures
  Rupert (Lair:2)
  Gastronok (Lair:1)
  Nessos (D:13)
  4 dire elephants (Lair:6)
  Erolcha (Orc:1)
  Josephine (D:10)
  A catoblepas (Lair:4)
  6 hydras
  10 two-headed ogres
  An anaconda (Lair:6)
  2 ogre magi (Orc:2)
  A queen ant (Lair:2)
  2 orc high priests
  An unseen horror (D:12)
  2 deep trolls (Orc:2)
  2 lindwurms
  An orc knight (Orc:1)
  4 ugly things (D:12)
  2 cyclopes (Orc:2)
  A manticore (D:13)
  A deep elf mage (D:13)
  2 orc sorcerers (Orc:1)
  A worldbinder (Abyss:2)
  8 elephants (Lair:6)
  7 black mambas
  A centaur skeleton (D:13)
  A gargoyle (D:11)
  2 rime drakes (Lair:1)
  7 spiny frogs
  8 komodo dragons
  11 trolls
  3 polar bears (Lair:1)
  5 hornets (Lair:4)
  10 hippogriffs
  3 raiju (Abyss:2)
  24 blink frogs
  43 yaks
  2 wyverns
  6 wraiths
  3 hogs (D:7)
  3 basilisks
  6 vampire mosquitoes (D:13)
  2 neqoxecs (D:13)
  3 wargs (Orc:2)
  17 water moccasins
  5 soldier ants (Lair:2)
  An acid dragon (D:9)
  14 two-headed ogre zombies (Orc:1)
  10 porcupines
  26 orc warriors
  3 ice beasts
  2 phantoms
  9 black bears
  A necrophage (D:13)
  3 sky beasts
  32 ogres
  4 wolves (Lair:3)
  12 crocodiles
  17 centaurs
  2 small abominations (Abyss:2)
  A gnoll sergeant (Orc:1)
  17 bullfrogs
  2 wyvern skeletons
  3 scorpions
  12 killer bees
  4 howler monkeys
  3 wights (D:12)
  2 electric eels (Lair:6)
  6 crimson imps
  3 quasits
  A centaur zombie (D:5)
  6 hounds
  An iron imp (Abyss:2)
  7 jellies
  16 orc wizards
  8 orc priests
  5 bullfrog skeletons
  An iguana (D:7)
  Natasha (thrice) (D:2)
  18 worker ants
  A hound zombie (D:9)
  A hound skeleton (D:6)
  5 gnolls
  A howler monkey skeleton (D:5)
  22 adders
  A shadow imp (D:12)
  An adder skeleton (D:9)
  2 dart slugs
  6 leopard geckos
  69 orcs
  8 bats
  7 giant cockroaches
  3 goblins
  3 hobgoblins
  12 jackals
  8 quokkas
  3 ball pythons
  4 frilled lizards
  A jackal skeleton (D:4)
  9 kobolds
  2 leopard gecko skeletons
  A quokka zombie (D:5)
  4 rats
  2 fungi (D:10)
  3 plants (Lair:6)
663 creatures vanquished.

Vanquished Creatures (others)
  A human (D:7)
  An orc (Orc:1)
  A bush (Lair:6)
  12 fungi
  8 plants
  2 starspawn tentacles (Abyss:2)
25 creatures vanquished.

Grand Total: 688 creatures vanquished

Notes
Turn   | Place    | Note
-------+----------+-------------------------------------------
     0 | D:1      | Murumi the Naga Enchanter began the quest for the Orb.
     0 | D:1      | Reached XP level 1. HP: 15/15 MP: 3/3
   280 | D:1      | Reached XP level 2. HP: 22/22 MP: 5/5
   505 | D:1      | Reached skill level 5 in Stealth
  1006 | D:2      | Reached skill level 1 in Fighting
  1007 | D:2      | Noticed Natasha
  1018 | D:2      | Killed Natasha
  1018 | D:2      | Reached XP level 3. HP: 16/32 MP: 6/6
  1449 | D:2      | Reached XP level 4. HP: 23/39 MP: 4/7
  1905 | D:2      | Noticed Natasha
  1913 | D:2      | Killed Natasha
  2038 | D:2      | Reached skill level 6 in Stealth
  2127 | D:2      | Noticed Natasha
  2141 | D:2      | Killed Natasha
  2141 | D:2      | Reached skill level 1 in Armour
  2141 | D:2      | Reached XP level 5. HP: 8/45 MP: 4/8
  3181 | D:3      | Reached skill level 7 in Stealth
  3630 | D:4      | Reached XP level 6. HP: 33/56 MP: 6/9
  3868 | D:4      | Found a shattered altar of Ashenzari.
  3960 | D:4      | Reached skill level 8 in Stealth
  4115 | D:4      | Found the +12 Vampire's Tooth {vamp}
  4131 | D:4      | Reached XP level 7. HP: 55/62 MP: 9/11
  4212 | D:4      | Reached skill level 9 in Stealth
  4596 | D:4      | Reached XP level 8. HP: 72/72 MP: 9/12
  4776 | D:5      | Entered Level 5 of the Dungeon
  4776 | D:5      | Found Jufoing's Jewellery Boutique.
  4776 | D:5      | Found Ciffuuma's Jewellery Emporium.
  4794 | D:5      | Found a staircase to the Ecumenical Temple.
  4804 | Temple   | Entered the Ecumenical Temple
  5122 | Temple   | Became a worshipper of Cheibriados the Contemplative
  5125 | Temple   | Fell from the grace of Cheibriados
  5457 | D:5      | Reached skill level 1 in Evocations
  5467 | D:5      | Found Viadess's General Store.
  5569 | D:5      | Bought a cursed ring of attention for 67 gold pieces
  5575 | D:5      | Found Dimanacs's Magic Scroll Emporium.
  5599 | D:5      | Bought a scroll of identify for 22 gold pieces
  5599 | D:5      | Bought a scroll of identify for 22 gold pieces
  5599 | D:5      | Bought a scroll of identify for 22 gold pieces
  5677 | D:5      | Found a shadowy altar of Dithmenos.
  5684 | D:5      | Found Doumo's Food Emporium.
  5685 | D:5      | Became a worshipper of Dithmenos the Shadowed
  5718 | D:5      | Found a stormy altar of Qazlal.
  6176 | D:6      | Found an ancient bone altar of Kikubaaqudgha.
  6176 | D:6      | Found a glowing silver altar of Zin.
  6235 | D:6      | Reached skill level 10 in Stealth
  6247 | D:6      | Found a deep blue altar of Sif Muna.
  6341 | D:6      | Reached skill level 1 in Invocations
  6349 | D:6      | Reached XP level 9. HP: 52/78 MP: 15/15
  7116 | D:6      | Reached skill level 5 in Fighting
  7246 | D:6      | Gained mutation: Your spells are a little easier to cast,
                  | but a little less powerful. [the meddling of Cheibriados]
  7246 | D:6      | Gained mutation: You are occasionally teleported next to
                  | monsters. [the meddling of Cheibriados]
  7579 | D:7      | Found a white marble altar of Elyvilon.
  7625 | D:7      | Reached skill level 5 in Short Blades
  7769 | D:7      | Reached skill level 5 in Hexes
  7874 | D:7      | Found a sparkling altar of Nemelex Xobeh.
  7967 | D:7      | Found a stormy altar of Qazlal.
  7969 | D:7      | Found a stormy altar of Qazlal.
  7969 | D:7      | Found a radiant altar of Vehumet.
  7971 | D:7      | Found a radiant altar of Vehumet.
  7971 | D:7      | Found a shimmering altar of Xom.
  7971 | D:7      | Found a bloodstained altar of Trog.
  8240 | D:8      | Learned a level 3 spell: Confuse
  8244 | D:8      | Learned a level 3 spell: Tukima's Dance
  8247 | D:8      | Learned a level 2 spell: Ensorcelled Hibernation
  8269 | D:8      | Was forgiven by Cheibriados
  8270 | D:8      | Cast into level 2 of the Abyss (the meddling of
                  | Cheibriados)
  8281 | Abyss:2  | Noticed a large abomination
  8332 | Abyss:2  | Noticed a guardian serpent
  8345 | Abyss:2  | Noticed a tentacled starspawn
  8351 | Abyss:2  | Noticed a thrashing horror
  8358 | Abyss:2  | Noticed a tentacled starspawn
  8400 | Abyss:2  | Reached skill level 11 in Stealth
  8453 | Abyss:2  | Noticed a worldbinder
  8480 | Abyss:2  | Noticed a necromancer
  8487 | Abyss:2  | Killed a worldbinder
  8487 | Abyss:2  | Reached XP level 10. HP: 52/88 MP: 16/16
  8565 | Abyss:2  | Reached skill level 5 in Spellcasting
  8618 | D:8      | Escaped the Abyss
  8635 | D:8      | Learned a level 3 spell: Dazzling Spray
  8855 | D:8      | Reached * piety under Dithmenos
  8914 | D:8      | Found a hide-covered altar of Uskayaw.
  9720 | D:9      | Reached skill level 12 in Stealth
  9765 | D:9      | Found Liyfoh's Jewellery Emporium.
  9890 | D:5      | Bought the +4 leather armour "Lagreqare" {rF+ MR+ Stlth+}
                  | for 444 gold pieces
 10280 | D:9      | Reached XP level 11. HP: 100/100 MP: 18/18
 10334 | D:9      | Reached ** piety under Dithmenos
 10645 | D:9      | Found an iron altar of Okawaru.
 10768 | D:10     | Entered Level 10 of the Dungeon
 10807 | D:10     | Noticed Josephine
 10940 | D:10     | You fall into a shaft and drop 2 floors!
 11004 | D:12     | Found Vaurasch's Magic Scroll Shop.
 11047 | D:12     | Noticed a two-headed ogre
 11073 | D:11     | Noticed a two-headed ogre
 11078 | D:11     | Killed a two-headed ogre
 11078 | D:11     | Reached skill level 5 in Dodging
 11157 | D:10     | Found a staircase to the Lair.
 11317 | D:10     | Killed Josephine
 11317 | D:10     | Reached skill level 13 in Stealth
 11341 | D:10     | Reached *** piety under Dithmenos
 11552 | D:10     | Found a staircase to the Orcish Mines.
 11677 | Lair:1   | Entered Level 1 of the Lair of Beasts
 12014 | Lair:1   | Reached XP level 12. HP: 110/110 MP: 14/21
 12127 | Lair:1   | Noticed Gastronok
 12149 | Lair:1   | Killed Gastronok
 12217 | Lair:1   | Noticed a six-headed hydra
 12226 | Lair:1   | Killed a six-headed hydra
 12923 | Lair:2   | Noticed a queen ant
 12926 | Lair:2   | Killed a queen ant
 12963 | Lair:2   | Reached skill level 14 in Stealth
 13117 | Lair:2   | Found a staircase to the Snake Pit.
 13217 | Lair:2   | Reached **** piety under Dithmenos
 13226 | Lair:2   | Reached skill level 5 in Invocations
 13700 | Lair:3   | Noticed Rupert
 14114 | Lair:2   | Found a staircase to the Snake Pit.
 14195 | Lair:2   | Paralysed by Rupert for 5 turns
 14296 | Lair:2   | Killed Rupert
 14296 | Lair:2   | Reached skill level 15 in Stealth
 14296 | Lair:2   | Gained mutation: You can use your snake-like lower body to
                  | constrict enemies. [Naga growth]
 14296 | Lair:2   | Reached XP level 13. HP: 117/117 MP: 23/23
 14300 | Lair:2   | Lost mutation: Your spells are a little easier to cast, but
                  | a little less powerful. [potion of mutation]
 14300 | Lair:2   | Gained mutation: You tend to lose your temper in combat.
                  | [potion of mutation]
 14300 | Lair:2   | Gained mutation: You have a pair of small horns on your
                  | head. [potion of mutation]
 14300 | Lair:2   | Gained mutation: You evolve. [potion of mutation]
 14945 | Lair:3   | Found a snail-covered altar of Cheibriados.
 15137 | Lair:3   | Gained mutation: Your muscles are strong. (Str +2)
                  | [evolution]
 15688 | Lair:4   | Reached skill level 16 in Stealth
 15689 | Lair:4   | Found a staircase to the Swamp.
 15994 | Lair:4   | Reached skill level 1 in Shields
 16135 | Lair:4   | Reached skill level 5 in Evocations
 16877 | Lair:5   | Reached XP level 14. HP: 129/129 MP: 26/26
 17006 | Lair:5   | Gained mutation: You are partially covered in large bone
                  | plates. (SH +4) [evolution]
 17335 | Lair:6   | Entered Level 6 of the Lair of Beasts
 17452 | Lair:5   | Reached skill level 17 in Stealth
 17600 | Lair:6   | Found a viscous altar of Jiyva.
 17600 | Lair:6   | Found a staircase to the Slime Pits.
 17845 | Lair:6   | Reached ***** piety under Dithmenos
 18463 | Lair:6   | Noticed a dire elephant
 18463 | Lair:6   | Noticed a dire elephant
 18479 | Lair:6   | Killed a dire elephant
 18479 | Lair:6   | Reached skill level 10 in Fighting
 18488 | Lair:6   | Killed a dire elephant
 18542 | Lair:6   | Noticed a dire elephant
 18559 | Lair:6   | Killed a dire elephant
 18605 | Lair:6   | Noticed a dire elephant
 18626 | Lair:6   | Killed a dire elephant
 18734 | Lair:6   | Reached skill level 10 in Short Blades
 18963 | Orc:1    | Entered Level 1 of the Orcish Mines
 19055 | Orc:1    | Lost mutation: You tend to lose your temper in combat.
                  | [evolution]
 19055 | Orc:1    | Lost mutation: You evolve. [end of evolution]
 19716 | Orc:1    | Noticed Erolcha
 19717 | Orc:1    | Reached skill level 10 in Hexes
 19856 | Orc:1    | Killed Erolcha
 20044 | Orc:2    | Entered Level 2 of the Orcish Mines
 20044 | Orc:2    | Found Gool Aqusch's Armour Boutique.
 20044 | Orc:2    | Found Qera's Distillery.
 20473 | Orc:2    | Found a staircase to the Elven Halls.
 20543 | Orc:2    | Reached XP level 15. HP: 138/138 MP: 28/28
 20572 | Orc:2    | Reached skill level 18 in Stealth
 20840 | Orc:2    | Found Jibrenaq's Gadget Emporium.
 20851 | Orc:2    | Found Xuilu's Jewellery Shop.
 21833 | D:11     | Reached ****** piety under Dithmenos
 23036 | D:12     | Found a glowing golden altar of the Shining One.
 23556 | D:13     | Noticed Gargoyl's ghost (journeyman CeAK)
 23565 | D:13     | Found a transporter.
 23592 | D:13     | Reached skill level 19 in Stealth
 23607 | D:13     | Found a transporter.
 23757 | D:13     | Noticed Nessos
 23764 | D:13     | Killed Nessos
 24267 | D:13     | Gained mutation: You are dopey. (Int -2) [a neqoxec]
 24348 | D:13     | HP: 3/138 [Gargoyl's ghost (25)]
 24348 | D:13     | Mangled by Gargoyl's ghost

Levels and vault maps discovered:
D:1:      ncdulo_lavacross, layout_basic
D:2:      layout_loops_cross, nrook_mini_vaults, minmay_statues_item,
          uniq_natasha
D:3:      layout_loops_ring
D:4:      layout_gridville, nicolae_overflow_crystal_walls, kennysheep_potato
D:5:      layout_cave_pools, grunt_dithmenos_smoke_and_mirrors,
          minmay_temple_entry_tees, first_ration, serial_shops, shop_scrolls,
          shop, shop, shop, shop, nicolae_qazlal_general_emergency
D:6:      layout_basic, led_sif_book, grunt_temple_overflow_open
D:7:      layout_rooms, doesnt_xom_only_xom, elyvilon_altar_5,
          lemuel_coloured_pillars_altar, grunt_livestock
D:8:      layout_basic, eat_drink_and_be_merry_uskayaw
D:9:      kennysheep_windowed_halls, layout_long_grid, kennysheep_mini,
          serial_shops, shop
D:10:     layout_rooms, due_lair_maze_entry_diamond, uniq_josephine
D:11:     layout_stronghold
D:12:     layout_layer_cave, basic_altar, serial_shops, shop
D:13:     layout_irregular_city, gammafunk_ghost_stat_death, uniq_nessos
Temple:   minmay_temple_forest_path
Lair:1:   layout_loops_ring, cheibrodos_lair_lostbears, uniq_gastronok
Lair:2:   layout_hall_layers, minmay_snake_entry_six_corridors,
          wad_woods_antlair
Lair:3:   layout_regular_city, basic_altar, uniq_rupert
Lair:4:   cheibrodos_lair_overgrown_chateau, layout_misc_corridors,
          palyth_hydra_swamp_entry
Lair:5:   layout_cave_pods
Lair:6:   due_jungle_book, layout_regular_city, slime_altar_1,
          infiniplex_staircase_pool, serial_bayou_shore_b
Orc:1:    lemuel_ogre_cave, layout_diamond_mine, nicolae_orc_bridge_out
Orc:2:    st_orc_open, layout_caves

Skill      XL: |  1  2  3  4  5  6  7  8  9 10 11 12 13 14 15 |
---------------+----------------------------------------------+-----
Dodging        | 2 3 4 5 6 7 8 |  8.8
Stealth        | 5 6 7 8 9 10 11 12 13 15 16 17 19 | 19.0
Fighting       | 2 3 4 5 7 8 9 10 | 10.0
Short Blades   | 2 3 4 5 6 8 9 10 | 10.0
Armour         | 1 2 3 4 |  4.0
Spellcasting   | 3 4 5 6 7 8 9 |  9.0
Hexes          | 4 5 6 7 9 10 | 10.0
Evocations     | 2 3 4 5 6 |  6.0
Invocations    | 2 4 5 6 7 |  7.1
Shields        | 3 4 |  4.0

Action                   |  1- 3 |  4- 6 |  7- 9 | 10-12 | 13-15 || total
-------------------------+-------+-------+-------+-------+-------++-------
Melee: Short sword       |    58 |   105 |       |       |       ||   163
       Dagger            |     2 |       |       |       |       ||     2
       Quick blade       |       |       |   170 |   463 |  1338 ||  1971
       Headbutt          |       |       |       |       |   353 ||   353
       Constrict         |       |       |       |       |   196 ||   196
Throw: Boomerang         |    14 |    20 |     5 |     3 |    18 ||    60
       Dart              |       |     2 |     4 |     3 |       ||     9
       Javelin           |       |       |    32 |    30 |    18 ||    80
 Cast: Corona            |     4 |    15 |    30 |     7 |       ||    56
       Ensorcelled Hiber |       |       |       |    31 |     5 ||    36
       Dazzling Spray    |       |       |       |    47 |    30 ||    77
       Confuse           |       |       |       |     5 |       ||     5
       Tukima's Dance    |       |       |       |     5 |       ||     5
Invok: Renounce Religion |       |       |     1 |       |       ||     1
       Shadow Step       |       |       |       |       |     5 ||     5
 Abil: Spit Poison       |     3 |    19 |    21 |     3 |       ||    46
       Evoke Berserk Rag |       |       |       |     1 |       ||     1
Evoke: Wand              |       |       |     3 |     3 |       ||     6
       Lamp of fire      |       |       |       |       |     1 ||     1
  Use: Scroll            |     3 |     5 |    10 |     4 |     9 ||    31
       Potion            |       |     2 |     4 |     4 |     7 ||    17
 Stab: Sleeping          |     8 |    15 |    15 |    58 |   105 ||   201
       Distracted        |     1 |     1 |       |     6 |    12 ||    20
       Invisible         |       |     5 |     3 |    11 |    17 ||    36
       Confused          |       |       |       |     3 |       ||     3
  Eat: Chunk             |     1 |     8 |    14 |    18 |    28 ||    69
       Ration            |       |       |       |     1 |       ||     1
Armor: Robe              |    10 |    14 |    62 |    19 |       ||   105
       Leather armour    |       |       |       |    91 |   185 ||   276
Dodge: Dodged            |    31 |    63 |    86 |   222 |   348 ||   750
Block: Buckler           |       |       |       |       |   228 ||   228

Table legend:
 A = Non-vault XP
 B = Vault XP
 C = Vault XP percentage of total XP
 D = Non-vault monster count
 E = Vault monster count
 F = Vault count percentage of total count
                 A         B        C        D         E       F
            +---------+---------+-------+---------+---------+-------
      Total |   67830 |   46829 |  40.8 |     497 |     162 |  24.6
            +---------+---------+-------+---------+---------+-------
        D:1 |      26 |       0 |   0.0 |      15 |       0 |   0.0
        D:2 |     131 |      35 |  21.1 |      24 |       1 |   4.0
        D:3 |      75 |       0 |   0.0 |      16 |       0 |   0.0
        D:4 |     819 |     149 |  15.4 |      25 |       3 |  10.7
        D:5 |     817 |       0 |   0.0 |      21 |       0 |   0.0
        D:6 |     589 |       0 |   0.0 |      21 |       0 |   0.0
        D:7 |     405 |     848 |  67.7 |       9 |       5 |  35.7
        D:8 |    2068 |       0 |   0.0 |      19 |       0 |   0.0
        D:9 |     887 |    2039 |  69.7 |      20 |      20 |  50.0
       D:10 |    1573 |    2900 |  64.8 |      18 |      13 |  41.9
       D:11 |    4331 |       0 |   0.0 |      32 |       0 |   0.0
       D:12 |    5677 |       0 |   0.0 |      25 |       0 |   0.0
       D:13 |    5611 |    1770 |  24.0 |      39 |       5 |  11.4
     Lair:1 |    3454 |    3153 |  47.7 |      11 |       4 |  26.7
     Lair:2 |    3025 |    6131 |  67.0 |      12 |      30 |  71.4
     Lair:3 |    5463 |       0 |   0.0 |      27 |       0 |   0.0
     Lair:4 |    6205 |    7729 |  55.5 |      24 |      21 |  46.7
     Lair:5 |    5322 |       0 |   0.0 |      17 |       0 |   0.0
     Lair:6 |   12142 |    2789 |  18.7 |      34 |       5 |  12.8
      Orc:1 |    4415 |    4003 |  47.6 |      37 |      18 |  32.7
      Orc:2 |    2690 |   15283 |  85.0 |      41 |      37 |  47.4
    Abyss:2 |    2105 |       0 |   0.0 |      10 |       0 |   0.0
            +---------+---------+-------+---------+---------+-------
